TOP OF THE 1ST |
Alaskan Humpbacks batting - Pitching for Vermont Lake Monsters : LHP Carl Dyess
|
Pitching: LHP Carl Dyess
|
|
Batting: RHB Juan García
|
0-0: Ball 1-0: Ball 2-0: Ball 3-0: Base on Balls
|
Batting: LHB James Sorensen
|
0-0: Ball 1-0: Ball 2-0: Ball 3-0: Base on Balls Juan García to second
|
Batting: RHB Mal Green
|
0-0: Called Strike 0-1: Ball 1-1: Foul Ball, location: 2F 1-2: Ball 2-2: Foul Ball, location: 2F 2-2: Ball 3-2: Grounds into double play, 5-4-3 (Groundball, 56) Juan García to third
|
Batting: RHB Andrew Rowland
|
0-0: Ball 1-0: Fly out, F9 (Flyball, 9D)
|
Top of the 1st over - 0 run(s), 0 hit(s), 0 error(s), 1 left on base; Alaskan 0 - Vermont 0 |
BOTTOM OF THE 1ST |
Vermont Lake Monsters batting - Pitching for Alaskan Humpbacks : RHP Jim Unknown
|
Pitching: RHP Jim Unknown
|
|
Batting: RHB Fernando Castro
|
0-0: Ball 1-0: Fly out, F7 (Line Drive, 7M)
|
Batting: RHB Carlos Padilla
|
0-0: Called Strike 0-1: Swinging Strike 0-2: Ball 1-2: DOUBLE (Line Drive, 78D)
|
Batting: RHB Ray John
|
0-0: Swinging Strike 0-1: Ground out 5-3 (Groundball, 56)
|
Batting: RHB Keith Fish
|
0-0: Ball 1-0: Ball 2-0: Fly out, F8 (Flyball, 8RM)
|
Bottom of the 1st over - 0 run(s), 1 hit(s), 0 error(s), 1 left on base; Alaskan 0 - Vermont 0 |
TOP OF THE 2ND |
Alaskan Humpbacks batting - Pitching for Vermont Lake Monsters : LHP Carl Dyess
|
Batting: RHB Fernando Camacho
|
0-0: Ball 1-0: Foul Ball, location: 2F 1-1: Ball 2-1: Foul Ball, location: 2F 2-2: Fly out, F9 (Flyball, 89D)
|
Batting: SHB Mike Carter
|
0-0: Ball 1-0: Ball 2-0: Fly out, F8 (Flyball, 8RM)
|
Batting: RHB Orlando Jiménez
|
0-0: Ball 1-0: Ball 2-0: Foul Ball, location: 2F 2-1: Foul Ball, location: 2F 2-2: Foul Ball, location: 2F 2-2: Ball 3-2: Strikes out swinging
|
Top of the 2nd over - 0 run(s), 0 hit(s), 0 error(s), 0 left on base; Alaskan 0 - Vermont 0 |
BOTTOM OF THE 2ND |
Vermont Lake Monsters batting - Pitching for Alaskan Humpbacks : RHP Jim Unknown
|
Batting: RHB Craig Stewart
|
0-0: Ball 1-0: Ball 2-0: Foul Ball, location: 2F 2-1: Foul Ball, location: 2F 2-2: Foul Ball, location: 2F 2-2: Foul Ball, location: 2F 2-2: Foul Ball, location: 2F 2-2: Foul Ball, location: 2F 2-2: Foul Ball, location: 2F 2-2: Foul Ball, location: 2F 2-2: Ground out 5-3 (Groundball, 5)
|
Batting: RHB Joe Shaw
|
0-0: Ball 1-0: Ground out 1-3 (Groundball, 13)
|
Batting: RHB Taroemon Watanabe
|
0-0: Ball 1-0: Ball 2-0: Ball 3-0: Called Strike 3-1: Swinging Strike 3-2: Base on Balls
|
Batting: RHB Fred Meyer
|
0-0: Called Strike 0-1: Foul Ball, location: 2F 0-2: Ball 1-2: SINGLE (Line Drive, 34D) Taroemon Watanabe to second
|
Batting: LHB Tim Hill
|
0-0: Foul Ball, location: 2F 0-1: Fielders Choice at 2nd, U6 (Groundball, 6M)
|
Bottom of the 2nd over - 0 run(s), 1 hit(s), 0 error(s), 2 left on base; Alaskan 0 - Vermont 0 |
TOP OF THE 3RD |
Alaskan Humpbacks batting - Pitching for Vermont Lake Monsters : LHP Carl Dyess
|
Batting: SHB Josef Koper
|
0-0: Called Strike 0-1: Called Strike 0-2: Ball 1-2: Ball 2-2: Strikes out looking
|
Batting: RHB Juan Tapia
|
0-0: Called Strike 0-1: Ball 1-1: Ball 2-1: Swinging Strike 2-2: Foul Ball, location: 2F 2-2: Foul Ball, location: 2F 2-2: Ball 3-2: Base on Balls
|
Batting: RHB Juan García
|
0-0: Fly out, F2 (Popup, 2LF)
|
Batting: LHB James Sorensen
|
0-0: Called Strike 0-1: Ball 1-1: Fielders Choice at 2nd, U6 (Groundball, 6M)
|
Top of the 3rd over - 0 run(s), 0 hit(s), 0 error(s), 1 left on base; Alaskan 0 - Vermont 0 |
BOTTOM OF THE 3RD |
Vermont Lake Monsters batting - Pitching for Alaskan Humpbacks : RHP Jim Unknown
|
Batting: RHB Fernando Castro
|
0-0: Foul Ball, location: 2F 0-1: Ball 1-1: Ball 2-1: Foul Ball, location: 2F 2-2: Foul Ball, location: 2F 2-2: Strikes out swinging
|
Batting: RHB Carlos Padilla
|
0-0: SINGLE (Groundball, 6)
|
Batting: RHB Ray John
|
0-0: Called Strike 0-1: Fly out, F9 (Flyball, 9S)
|
Batting: RHB Keith Fish
|
0-0: Ball 1-0: Ball 2-0: Called Strike 2-1: DOUBLE (Line Drive, 9LM) Carlos Padilla to third
|
Batting: RHB Craig Stewart
|
0-0: Called Strike 0-1: Foul Ball, location: 2F 0-2: Ball 1-2: Fly out, F7 (Line Drive, 7M)
|
Bottom of the 3rd over - 0 run(s), 2 hit(s), 0 error(s), 2 left on base; Alaskan 0 - Vermont 0 |
TOP OF THE 4TH |
Alaskan Humpbacks batting - Pitching for Vermont Lake Monsters : LHP Carl Dyess
|
Batting: RHB Mal Green
|
0-0: Ball 1-0: DOUBLE (Line Drive, 7LM)
|
Batting: RHB Andrew Rowland
|
0-0: Ball 1-0: Ball 2-0: Called Strike 2-1: Ground out 4-3 (Groundball, 4MS) Mal Green to third
|
Batting: RHB Fernando Camacho
|
0-0: Ball 1-0: Ball 2-0: Called Strike 2-1: Fly out, F7 (Flyball, 7S)
|
Batting: SHB Mike Carter
|
0-0: Ball 1-0: Fly out, F8 (Line Drive, 8RS)
|
Top of the 4th over - 0 run(s), 1 hit(s), 0 error(s), 1 left on base; Alaskan 0 - Vermont 0 |
BOTTOM OF THE 4TH |
Vermont Lake Monsters batting - Pitching for Alaskan Humpbacks : RHP Jim Unknown
|
Batting: RHB Joe Shaw
|
0-0: Fly out, F4 (Line Drive, 4)
|
Batting: RHB Taroemon Watanabe
|
0-0: Ball 1-0: SINGLE (Groundball, 5D)
|
Batting: RHB Fred Meyer
|
0-0: 2-RUN HOME RUN (Flyball, 7LD), Distance : 363 ft
|
Batting: LHB Tim Hill
|
0-0: Called Strike 0-1: Ball 1-1: Ball 2-1: Ball 3-1: Ground out 4-3 (Groundball, 4)
|
Batting: RHB Fernando Castro
|
0-0: Swinging Strike 0-1: Fly out, F9 (Flyball, 89M)
|
Bottom of the 4th over - 2 run(s), 2 hit(s), 0 error(s), 0 left on base; Alaskan 0 - Vermont 2 |
TOP OF THE 5TH |
Alaskan Humpbacks batting - Pitching for Vermont Lake Monsters : LHP Carl Dyess
|
Batting: RHB Orlando Jiménez
|
0-0: Called Strike 0-1: Ball 1-1: Ball 2-1: Foul Ball, location: 2F 2-2: Foul Ball, location: 2F 2-2: Ball 3-2: Base on Balls
|
Batting: SHB Josef Koper
|
0-0: Grounds into double play, 6-4-3 (Groundball, 6)
|
Batting: RHB Juan Tapia
|
0-0: Ball 1-0: Foul Ball, location: 2F 1-1: Swinging Strike 1-2: Ball 2-2: Foul Ball, location: 2F 2-2: Ball 3-2: DOUBLE (Line Drive, 78M)
|
Batting: RHB Juan García
|
0-0: Swinging Strike 0-1: Called Strike 0-2: Ball 1-2: Ball 2-2: SINGLE (Groundball, 56D) Juan Tapia to third Runner from 3rd tries for Home, SAFE, no throw or cutoff
|
Batting: LHB James Sorensen
|
0-0: Ball Single, Error in OF, E7, batter to second base Juan García to third
|
Batting: RHB Mal Green
|
0-0: Ball 1-0: Called Strike 1-1: Ball 2-1: SINGLE (Line Drive, 78S) Juan García scores James Sorensen to third Runner from 3rd tries for Home, SAFE, no throw or cutoff
|
Batting: RHB Andrew Rowland
|
0-0: Fly out, F9 (Line Drive, 89M)
|
Top of the 5th over - 3 run(s), 4 hit(s), 1 error(s), 1 left on base; Alaskan 3 - Vermont 2 |
BOTTOM OF THE 5TH |
Vermont Lake Monsters batting - Pitching for Alaskan Humpbacks : RHP Jim Unknown
|
Batting: RHB Carlos Padilla
|
0-0: SINGLE (Line Drive, 56D)
|
Batting: RHB Ray John
|
0-0: Ball 1-0: Ball 2-0: Ball 3-0: Called Strike 3-1: Fly out, F4 (Line Drive, 4M) 3-1: Lined into DP, 4-3 (Line Drive, 4M)
|
Batting: RHB Keith Fish
|
0-0: SINGLE (Flyball, 8LS)
|
Batting: RHB Craig Stewart
|
0-0: Ball 1-0: Called Strike 1-1: Foul Ball, location: 2F 1-2: DOUBLE (Flyball, 78D) Keith Fish to third
|
Batting: RHB Joe Shaw
|
0-0: Swinging Strike 0-1: Fly out, F9 (Flyball, 89D)
|
Bottom of the 5th over - 0 run(s), 3 hit(s), 0 error(s), 2 left on base; Alaskan 3 - Vermont 2 |
TOP OF THE 6TH |
Alaskan Humpbacks batting - Pitching for Vermont Lake Monsters : LHP Carl Dyess
|
Batting: RHB Fernando Camacho
|
0-0: Ball 1-0: Called Strike 1-1: Ball 2-1: Ball 3-1: Base on Balls
|
Batting: SHB Mike Carter
|
0-0: Bunted foul 0-1: Ball 1-1: Sac Bunt - play at first, batter OUT! U3 Fernando Camacho to second
|
Batting: RHB Orlando Jiménez
|
0-0: Called Strike 0-1: Ball 1-1: Foul Ball, location: 2F 1-2: Ball 2-2: Ball 3-2: Base on Balls
|
Batting: SHB Josef Koper
|
0-0: Called Strike 0-1: SINGLE (Groundball, 6) Fernando Camacho to third Orlando Jiménez to second Runner from 3rd tries for Home, SAFE, throw made home
|
Batting: RHB Juan Tapia
|
0-0: Called Strike 0-1: Swinging Strike 0-2: Ball 1-2: Foul Ball, location: 2F 1-2: Grounds into double play, 2-6-3 (Groundball, 2R)
|
Top of the 6th over - 1 run(s), 1 hit(s), 0 error(s), 1 left on base; Alaskan 4 - Vermont 2 |
BOTTOM OF THE 6TH |
Vermont Lake Monsters batting - Pitching for Alaskan Humpbacks : RHP Jim Unknown
|
Batting: RHB Taroemon Watanabe
|
0-0: Ball 1-0: SINGLE (Groundball, 4M) (infield hit)
|
Batting: RHB Fred Meyer
|
0-0: SINGLE (Flyball, 4D) Taroemon Watanabe to second Runner from 2nd tries for 3rd, SAFE, throw made to third
|
Batting: LHB Tim Hill
|
0-0: Called Strike 0-1: Swinging Strike 0-2: SINGLE (Flyball, 78S) Taroemon Watanabe scores Fred Meyer to second
|
Batting: RHB Fernando Castro
|
0-0: Bunted foul 0-1: Ball 1-1: Bunted foul 1-2: Ball 2-2: Ball 3-2: SINGLE (Groundball, 25) (infield hit) Fred Meyer to third Tim Hill to second
|
Batting: RHB Carlos Padilla
|
0-0: Called Strike 0-1: Ball 1-1: Ball 2-1: Swinging Strike 2-2: Strikes out swinging
|
Batting: RHB Ray John
|
0-0: Called Strike 0-1: Ball 1-1: Grounds into double play, 6-4-3 (Groundball, 6)
|
Bottom of the 6th over - 1 run(s), 4 hit(s), 0 error(s), 2 left on base; Alaskan 4 - Vermont 3 |
TOP OF THE 7TH |
Alaskan Humpbacks batting - Pitching for Vermont Lake Monsters : LHP Carl Dyess
|
Batting: RHB Juan García
|
0-0: Ground out 5-3 (Groundball, 6)
|
Batting: LHB James Sorensen
|
0-0: Ball 1-0: Ball 2-0: Ball 3-0: Foul Ball, location: 2F 3-1: Base on Balls
|
Pitching: RHP John Boyle
|
|
Batting: RHB Mal Green
|
0-0: Ball James Sorensen steals 2nd base 1-0: Ball 2-0: Called Strike 2-1: Fly out, F8 (Popup, 6MD)
|
Pinch Hitting: SHB Al Anderson
|
0-0: Called Strike 0-1: Ball 1-1: Ball 2-1: Foul Ball, location: 2F 2-2: Ball 3-2: Fly out, F4 (Popup, 4MD)
|
Top of the 7th over - 0 run(s), 0 hit(s), 0 error(s), 1 left on base; Alaskan 4 - Vermont 3 |
BOTTOM OF THE 7TH |
Vermont Lake Monsters batting - Pitching for Alaskan Humpbacks : RHP Jim Unknown
|
Now at 2B: Joe Craig
|
|
Batting: RHB Keith Fish
|
0-0: Ground out 4-3 (Groundball, 4)
|
Batting: RHB Craig Stewart
|
0-0: Ball Reached via error on a dropped throw, E3
|
Pinch Runner at 1st Ricardo Pacheco:
|
|
Pinch Hitting: LHB Reijiro Sato
|
0-0: Ball 1-0: Ball 2-0: Called Strike 2-1: Called Strike 2-2: DOUBLE (Flyball, 89D) Ricardo Pacheco to third Runner from 3rd tries for Home, SAFE, no throw or cutoff
|
Pitching: LHP Jason Hoskins
|
|
Batting: RHB Taroemon Watanabe
|
0-0: Ball 1-0: Ball 2-0: Ground out 6-3 (Groundball, 6)
|
Batting: RHB Fred Meyer
|
0-0: Fly out, F4 (Popup, 34D)
|
Bottom of the 7th over - 1 run(s), 1 hit(s), 1 error(s), 1 left on base; Alaskan 4 - Vermont 4 |
TOP OF THE 8TH |
Alaskan Humpbacks batting - Pitching for Vermont Lake Monsters : RHP John Boyle
|
Now at 2B: Dave Burns
|
|
Now at 3B: Teddy Pelham
|
|
Pinch Hitting: LHB Andrés Ibarra
|
0-0: Foul Ball, location: 2F 0-1: Foul Ball, location: 2F 0-2: Ground out 4-3 (Groundball, 4)
|
Pinch Hitting: RHB Dave O'Day
|
0-0: Ball 1-0: Ball 2-0: Called Strike 2-1: Ground out 5-3 (Groundball, 5S)
|
Pinch Hitting: RHB Dave Farr
|
0-0: Ball 1-0: Called Strike 1-1: Foul Ball, location: 2F 1-2: Foul Ball, location: 2F 1-2: SINGLE (Line Drive, 4D)
|
Pinch Hitting: RHB Jared Smith
|
0-0: Ball 1-0: Ball Wild Pitch! Dave Farr to second 2-0: Ball 3-0: Called Strike 3-1: Ground out 5-3 (Groundball, 5S)
|
Top of the 8th over - 0 run(s), 1 hit(s), 0 error(s), 1 left on base; Alaskan 4 - Vermont 4 |
BOTTOM OF THE 8TH |
Vermont Lake Monsters batting - Pitching for Alaskan Humpbacks : LHP Jason Hoskins
|
Now at 1B: Andrés Ibarra
|
|
Now at 2B: Dave Farr
|
|
Now in CF: Paco Hernández
|
|
Now in RF: Jared Smith
|
|
Pinch Hitting: RHB Ramiro Rico
|
0-0: Foul Ball, location: 2F 0-1: SINGLE (Groundball, 6MD)
|
Batting: RHB Fernando Castro
|
0-0: Sac Bunt - play at first, batter OUT! 1-4 Ramiro Rico to second
|
Batting: RHB Carlos Padilla
|
0-0: Ground out 6-3 (Groundball, 56)
|
Batting: RHB Ray John
|
0-0: Ball 1-0: Ball Wild Pitch! Ramiro Rico to third 2-0: Called Strike 2-1: Fly out, F9 (Flyball, 9M)
|
Bottom of the 8th over - 0 run(s), 1 hit(s), 0 error(s), 1 left on base; Alaskan 4 - Vermont 4 |
TOP OF THE 9TH |
Alaskan Humpbacks batting - Pitching for Vermont Lake Monsters : RHP John Boyle
|
Pitching: RHP Jim Unknown
|
|
Now in CF: Arnold Cook
|
|
Batting: RHB Juan Tapia
|
0-0: Called Strike 0-1: Ball 1-1: Ball 2-1: Ball 3-1: Called Strike 3-2: Strikes out looking
|
Batting: RHB Juan García
|
0-0: Called Strike 0-1: Ball 1-1: Fly out, F8 (Flyball, 8LM)
|
Batting: LHB James Sorensen
|
0-0: SINGLE (Groundball, 34S) (infield hit)
|
Batting: RHB Mal Green
|
0-0: Ball 1-0: SINGLE (Line Drive, 6MD) James Sorensen to second
|
Batting: RHB Joe Craig
|
0-0: Ball 1-0: Called Strike 1-1: Fly out, F3 (Popup, 3F)
|
Top of the 9th over - 0 run(s), 2 hit(s), 0 error(s), 2 left on base; Alaskan 4 - Vermont 4 |
BOTTOM OF THE 9TH |
Vermont Lake Monsters batting - Pitching for Alaskan Humpbacks : LHP Jason Hoskins
|
Pitching: LHP Jim Unknown
|
|
Batting: RHB Keith Fish
|
0-0: Ball 1-0: TRIPLE (Line Drive, 89M)
|
Batting: RHB Teddy Pelham
|
0-0: Called Strike 0-1: Foul Ball, location: 2F 0-2: Fly out, F7 (Line Drive, 78S)
|
Pinch Hitting: RHB Júlio Santos
|
0-0: Intentional Walk
|
Batting: RHB Taroemon Watanabe
|
0-0: Called Strike 0-1: Called Strike 0-2: Ball 1-2: Fly out, F9 (Flyball, 89S)
|
Batting: RHB Fred Meyer
|
0-0: Called Strike 0-1: Ball 1-1: Ball 2-1: Fly out, F9 (Flyball, 89S)
|
Bottom of the 9th over - 0 run(s), 1 hit(s), 0 error(s), 2 left on base; Alaskan 4 - Vermont 4 |
TOP OF THE 10TH |
Alaskan Humpbacks batting - Pitching for Vermont Lake Monsters : RHP Jim Unknown
|
Now at 2B: Arturo Robles
|
|
Batting: LHB Andrés Ibarra
|
0-0: Foul Ball, location: 2F 0-1: Called Strike 0-2: Strikes out looking
|
Batting: LHB Paco Hernández
|
0-0: Called Strike 0-1: Foul Ball, location: 2F 0-2: Strikes out swinging
|
Batting: RHB Dave Farr
|
0-0: Ball 1-0: Ball 2-0: Fly out, F9 (Flyball, 9M)
|
Top of the 10th over - 0 run(s), 0 hit(s), 0 error(s), 0 left on base; Alaskan 4 - Vermont 4 |
BOTTOM OF THE 10TH |
Vermont Lake Monsters batting - Pitching for Alaskan Humpbacks : LHP Jim Unknown
|
Batting: LHB Arnold Cook
|
0-0: Ball 1-0: Fly out, F5 (Popup, 5SF)
|
Batting: RHB Fernando Castro
|
0-0: Called Strike 0-1: Ground out 6-3 (Groundball, 6)
|
Batting: RHB Carlos Padilla
|
0-0: Ball 1-0: Called Strike 1-1: Swinging Strike 1-2: Ball 2-2: Ball 3-2: SINGLE (Groundball, 56D)
|
Batting: RHB Ray John
|
0-0: Foul Ball, location: 2F 0-1: Ball 1-1: Ball 2-1: Ball 3-1: Base on Balls Carlos Padilla to second
|
Batting: RHB Keith Fish
|
0-0: Foul Ball, location: 2F 0-1: Fly out, F4 (Line Drive, 4MD)
|
Bottom of the 10th over - 0 run(s), 1 hit(s), 0 error(s), 2 left on base; Alaskan 4 - Vermont 4 |
TOP OF THE 11TH |
Alaskan Humpbacks batting - Pitching for Vermont Lake Monsters : RHP Jim Unknown
|
Pitching: LHP Jim Unknown
|
|
Batting: RHB Jared Smith
|
0-0: Called Strike 0-1: Called Strike 0-2: Foul Ball, location: 2F 0-2: Ball 1-2: Strikes out swinging
|
Batting: RHB Juan Tapia
|
0-0: Called Strike 0-1: Called Strike 0-2: Ball 1-2: Foul Ball, location: 2F 1-2: Strikes out swinging
|
Batting: RHB Juan García
|
0-0: Swinging Strike 0-1: Ball 1-1: Swinging Strike 1-2: Ball 2-2: Ball 3-2: TRIPLE (Flyball, 78M)
|
Pinch Hitting: RHB Iván Hernández
|
0-0: Foul Ball, location: 2F 0-1: Ball 1-1: Ball 2-1: Ball 3-1: Foul Ball, location: 2F 3-2: Base on Balls
|
Batting: RHB Mal Green
|
0-0: Ball 1-0: Called Strike 1-1: Ball 2-1: Swinging Strike 2-2: Strikes out looking
|
Top of the 11th over - 0 run(s), 1 hit(s), 0 error(s), 2 left on base; Alaskan 4 - Vermont 4 |
BOTTOM OF THE 11TH |
Vermont Lake Monsters batting - Pitching for Alaskan Humpbacks : LHP Jim Unknown
|
Pitching: RHP Larry Neal
|
|
Now at 2B: Iván Hernández
|
|
Batting: RHB Teddy Pelham
|
0-0: Ball 1-0: Called Strike 1-1: Foul Ball, location: 2F 1-2: Ball 2-2: Foul Ball, location: 2F 2-2: Fly out, F8 (Flyball, 8RM)
|
Batting: SHB Arturo Robles
|
0-0: Foul Ball, location: 2F 0-1: Ball 1-1: Called Strike 1-2: Strikes out swinging
|
Batting: RHB Taroemon Watanabe
|
0-0: Ball 1-0: Swinging Strike 1-1: Called Strike 1-2: Foul Ball, location: 2F 1-2: Foul Ball, location: 2F 1-2: Ground out 5-3 (Groundball, 56)
|
Bottom of the 11th over - 0 run(s), 0 hit(s), 0 error(s), 0 left on base; Alaskan 4 - Vermont 4 |
TOP OF THE 12TH |
Alaskan Humpbacks batting - Pitching for Vermont Lake Monsters : LHP Jim Unknown
|
Batting: RHB Joe Craig
|
0-0: Called Strike 0-1: Foul Ball, location: 2F 0-2: Foul Ball, location: 2F 0-2: Ball 1-2: Ball 2-2: Ball 3-2: SINGLE (Groundball, 34)
|
Pinch Hitting: RHB Steve Camp
|
0-0: Ball 1-0: Foul Ball, location: 2F 1-1: Ball 2-1: Ball 3-1: Foul Ball, location: 2F 3-2: Grounds into double play, 1-6-3 (Groundball, 13S)
|
Batting: LHB Paco Hernández
|
0-0: Foul Ball, location: 2F 0-1: Fly out, F9 (Flyball, 9S)
|
Top of the 12th over - 0 run(s), 1 hit(s), 0 error(s), 0 left on base; Alaskan 4 - Vermont 4 |
BOTTOM OF THE 12TH |
Vermont Lake Monsters batting - Pitching for Alaskan Humpbacks : RHP Larry Neal
|
Now at 2B: Steve Camp
|
|
Batting: RHB Fred Meyer
|
0-0: Ball 1-0: Swinging Strike 1-1: Foul Ball, location: 2F 1-2: Ball 2-2: Foul Ball, location: 2F 2-2: Foul Ball, location: 2F 2-2: Hit by Pitch
|
Batting: LHB Arnold Cook
|
0-0: Bunted foul 0-1: Sac Bunt - play at first, batter OUT! 2-4 Fred Meyer to second
|
Batting: RHB Fernando Castro
|
0-0: Ball 1-0: Called Strike 1-1: Ball 2-1: Ball 3-1: Fly out, F8 (Flyball, 8RM)
|
Batting: RHB Carlos Padilla
|
0-0: Ball 1-0: Ball 2-0: Ball 3-0: Base on Balls
|
Batting: RHB Ray John
|
0-0: Fielders Choice at 2nd, 6-4 (Groundball, 6)
|
Bottom of the 12th over - 0 run(s), 0 hit(s), 0 error(s), 1 left on base; Alaskan 4 - Vermont 4 |
TOP OF THE 13TH |
Alaskan Humpbacks batting - Pitching for Vermont Lake Monsters : LHP Jim Unknown
|
Batting: RHB Dave Farr
|
0-0: Reached on error, E6 (Groundball, 6)
|
Batting: RHB Jared Smith
|
0-0: Called Strike 0-1: Foul Ball, location: 2F 0-2: Ball 1-2: Ball 2-2: Ball 3-2: Fly out, F9 (Popup, 9LSF)
|
Batting: RHB Juan Tapia
|
0-0: Intentional Walk
|
Batting: RHB Juan García
|
0-0: Called Strike 0-1: Foul Ball, location: 2F 0-2: DOUBLE (Line Drive, 3D) Dave Farr scores Juan Tapia to third
|
Batting: RHB Iván Hernández
|
0-0: Intentional Walk
|
Pitching: RHP Alberto Robles
|
|
Batting: RHB Mal Green
|
0-0: Ball 1-0: Called Strike 1-1: SINGLE (Line Drive, 7LM) Juan Tapia scores Juan García to third Iván Hernández to second
|
Batting: RHB Joe Craig
|
0-0: Foul Ball, location: 2F 0-1: Called Strike 0-2: Ball 1-2: Ball 2-2: Ball 3-2: Strikes out looking
|
Batting: RHB Steve Camp
|
0-0: Ball 1-0: Swinging Strike 1-1: Foul Ball, location: 2F 1-2: Ball 2-2: Ball 3-2: Ground out 1-3 (Groundball, 23)
|
Top of the 13th over - 2 run(s), 2 hit(s), 1 error(s), 3 left on base; Alaskan 6 - Vermont 4 |
BOTTOM OF THE 13TH |
Vermont Lake Monsters batting - Pitching for Alaskan Humpbacks : RHP Larry Neal
|
Batting: RHB Keith Fish
|
0-0: Foul Ball, location: 2F 0-1: Ground out 1-3 (Groundball, 23)
|
Batting: RHB Teddy Pelham
|
0-0: Called Strike 0-1: Ball 1-1: Foul Ball, location: 2F 1-2: Strikes out looking
|
Batting: SHB Arturo Robles
|
0-0: Called Strike 0-1: Ground out 6-3 (Groundball, 6)
|
Bottom of the 13th over - 0 run(s), 0 hit(s), 0 error(s), 0 left on base; Alaskan 6 - Vermont 4 |
|